 Dungeon Crawl Stone Soup version 0.24-a0-446-g87df720 (webtiles) character file.

Game seed: 7987983853245419242

356 r3xj the Cudgeler (level 6, -11/47 HPs)
             Began as a Barachi Fighter on June 23, 2019.
             Was an Initiate of Cheibriados.
             Splashed by an oklob sapling's acid (14 damage)
             ... on level 5 of the Dungeon.
             The game lasted 00:06:03 (3068 turns).

r3xj the Cudgeler (Barachi Fighter)                 Turns: 3068, Time: 00:06:04

Health: -11/47     AC:  0    Str: 20    XL:     6   Next: 63%
Magic:  6/6        EV:  7    Int:  9    God:    Cheibriados [......]
Gold:   187        SH:  9    Dex: 13    Spells: 5/5 levels left

rFire    + . .     SeeInvis .   a - +0 flail
rCold    x . .     Gourm    .   c - +0 shield
rNeg     . . .     Faith    .   b - +0 scale mail
rPois    .         Spirit   .   z - +0 hat
rElec    .         Reflect  .   (no cloak)
rCorr    .         Harm     .   (no gloves)
MR       .....     Rnd*Tele +   m - +0 pair of boots
Stlth    ..........             (no amulet)
HPRegen  0.15/turn              j - ring of fire
MPRegen  0.10/turn              u - ring of teleportation (curse)

@: corroded, very slow
A: +LOS, swims, slowness 1, strong legs 1
a: Hop, Bend Time, Renounce Religion


You were on level 5 of the Dungeon.
You worshipped Cheibriados.
Cheibriados was noncommittal.
You were not hungry.

You visited 1 branch of the dungeon, and saw 5 of its levels.

You collected 187 gold pieces.

Inventory:

Hand Weapons
 a - a +0 flail (weapon)
Missiles
 g - 47 arrows
 r - 20 poisoned darts (quivered)
Armour
 b - a +0 scale mail (worn)
 c - a +0 shield (worn)
 m - a +0 pair of boots (worn)
 z - a +0 hat (worn)
Jewellery
 j - a ring of fire (left hand)
 u - a cursed ring of teleportation (right hand)
Scrolls
 e - 5 scrolls of identify {unknown}
 h - 3 scrolls of blinking {unknown}
 k - a scroll of enchant weapon {unknown}
 l - a scroll of amnesia {unknown}
 p - 2 scrolls of remove curse {unknown}
 t - 2 scrolls of fog {unknown}
 y - 2 scrolls of teleportation {unknown}
 A - a scroll of random uselessness {unknown}
 B - a scroll of immolation {unknown}
Potions
 d - a potion of might
 i - 2 potions of curing {unknown}
 n - 2 potions of berserk rage {unknown}
 o - a potion of heal wounds {unknown}
 q - a potion of haste {unknown}
 s - a potion of lignification {unknown}
 v - a potion of agility {unknown}
 w - 2 potions of brilliance {unknown}
 x - a potion of magic {unknown}
Comestibles
 f - 8 rations


   Skills:
 - Level 3.6 Fighting
 + Level 7.5 Maces & Flails
 - Level 3.6 Armour
 - Level 3.2 Shields


You had 5 spell levels left.
You didn't know any spells.
Your spell library contained the following spells:

 Spells                   Type           Power        Failure   Level  Hunger
 Animate Skeleton         Necr           N/A          99%         1    ##.....
 Apportation              Tloc           #.....       99%         1    ##.....
 Confusing Touch          Hex            #.....       99%         1    ##.....
 Corona                   Hex            #......      99%         1    ##.....
 Magic Dart               Conj           #...         99%         1    ##.....
 Summon Small Mammal      Summ           #...         99%         1    ##.....
 Ensorcelled Hibernation  Hex/Ice        #.....       100%        2    ###....
 Searing Ray              Conj           #.....       100%        2    ###....
 Confuse                  Hex            #.......     100%        3    ####...
 Dazzling Spray           Conj/Hex       #.....       100%        3    ####...
 Tukima's Dance           Hex            #.......     100%        3    ####...
 Force Lance              Conj/Tloc      #.......     100%        4    #####..
 Fulminant Prism          Conj/Hex       #.........   100%        4    #####..
 Iskenderun's Mystic Bla  Conj           #.......     100%        4    #####..


Dungeon Overview and Level Annotations

Branches:
Dungeon (5/15)             Temple (0/1) D:5

Altars:
Ashenzari
Cheibriados
Gozag
Kikubaaqudgha
Sif Muna
Yredelemnul
Zin
The Shining One
Beogh

Annotations:
D:3 3 runed translucent doors, zbzbzb's ghost, amateur OpCj
D:5 exclusion: oklob sapling


Innate Abilities, Weirdness & Mutations

Shadows flee at your approach. (+LOS)
You can swim through water.
You cover ground slowly.
You can hop short distances.


Message History

The oklob sapling is moderately damaged.
You block the orc's attack. The oklob sapling spits acid at you.
The splash of acid hits you!
You are splashed with acid!
* * * LOW HITPOINT WARNING * * *
You hit the oklob sapling but do no damage.
The oklob sapling is moderately damaged.
The orc hits the plant but does no damage.
The orc hits you with a +0 club.
* * * LOW HITPOINT WARNING * * *
You hit the oklob sapling but do no damage.
The oklob sapling is moderately damaged.
The orc hits the plant but does no damage.
The orc hits you with a +0 club.
* * * LOW HITPOINT WARNING * * *
The oklob sapling spits acid at you. The splash of acid hits you.
* * * LOW HITPOINT WARNING * * *
The acid corrodes you!
You are splashed with acid!
You die...

#.# #........# #####.## #.#
##+####### #.....## #.## ##...##
#.###.## #####.#.####.....## #.#
#.## #....###.##.......##
##.###.##
###.#...#.##.........####......##
........)..+.........+...........
.##.#...####..PoPP...####....#.##
.##.##..# ##.oP@PP.## ##.#.#.#
........# #).PPP.P# #.....#
###.##### #.P.>PPP# ###.### #.#
#.PP..P.## #.# #.# #..PPPP..# #.#
#.# #.P..P.P.# #.# ##.###
##.#.##..#### #.# #....#
#........... ..# #..#.#
#.....#.###. ###


You could see an oklob sapling and 2 orcs.

Vanquished Creatures
  3 vampire bats (D:4)
  A hound (D:4)
  2 orc wizards
  A hound skeleton (D:4)
  A howler monkey zombie (D:5)
  3 adders
  2 oozes
  3 worms
  4 dart slugs
  3 leopard geckos
  6 orcs
  A ball python (D:3)
  3 bat skeletons (D:4)
  3 bat zombies (D:4)
  3 giant cockroaches
  6 goblins
  6 hobgoblins
  3 jackals (D:2)
  4 kobolds
  A quokka (D:5)
  7 bats
  A frilled lizard (D:1)
  7 rats
  2 plants (D:5)
76 creatures vanquished.

Vanquished Creatures (others)
  A plant (D:5)
1 creature vanquished.

Grand Total: 77 creatures vanquished

Notes
Turn   | Place    | Note
-------+----------+-------------------------------------------
     0 | D:1      | r3xj the Barachi Fighter began the quest for the Orb.
     0 | D:1      | Reached XP level 1. HP: 18/18 MP: 1/1
    61 | D:1      | Reached skill level 3 in Maces & Flails
    61 | D:1      | Reached XP level 2. HP: 21/24 MP: 2/2
   154 | D:1      | Reached XP level 3. HP: 27/29 MP: 3/3
   255 | D:1      | Reached skill level 4 in Maces & Flails
   857 | D:2      | Found an opulent altar of Gozag.
   891 | D:2      | Found a shattered altar of Ashenzari.
   951 | D:2      | Found a basalt altar of Yredelemnul.
   955 | D:2      | Reached XP level 4. HP: 36/36 MP: 4/4
  1392 | D:3      | Reached skill level 5 in Maces & Flails
  1431 | D:3      | Found a glowing golden altar of the Shining One.
  1552 | D:3      | Reached XP level 5. HP: 30/41 MP: 5/5
  1631 | D:3      | Identified the +4 short sword of Resourcefulness {venom,
                  | Dex+3}
  1632 | D:3      | Found a runed translucent gate.
  1632 | D:3      | Found a runed translucent gate.
  1632 | D:3      | Found a runed translucent gate.
  1632 | D:3      | Found a roughly hewn altar of Beogh.
  1632 | D:3      | Noticed zbzbzb's ghost (amateur OpCj)
  2118 | D:4      | Found an opulent altar of Gozag.
  2142 | D:4      | Reached skill level 6 in Maces & Flails
  2202 | D:4      | Found a glowing silver altar of Zin.
  2239 | D:4      | Found a snail-covered altar of Cheibriados.
  2334 | D:4      | Found an ancient bone altar of Kikubaaqudgha.
  2375 | D:4      | Reached XP level 6. HP: 19/47 MP: 6/6
  2378 | D:4      | Reached skill level 7 in Maces & Flails
  2654 | D:4      | Found a deep blue altar of Sif Muna.
  2770 | D:4      | Became a worshipper of Cheibriados the Contemplative
  2839 | D:5      | Entered Level 5 of the Dungeon
  2982 | D:5      | Found a staircase to the Ecumenical Temple.
  3068 | D:5      | Splashed by an oklob sapling's acid

Levels and vault maps discovered:
D:1:      onia_arrival_mini_spirals, layout_basic, serial_rivers,
          chequers_serial_rivers_room_b, chequers_serial_rivers_micro_d,
          chequers_serial_rivers_small_3, chequers_serial_rivers_large_a,
          chequers_serial_rivers_room_b, chequers_serial_rivers_small_b,
          lemuel_another_geyser
D:2:      layout_loops_ring, overflow_temple_1_default,
          nicolae_overflow_hidden_temple, ashenzari_altar_1
D:3:      layout_rooms, tso_metal_star, biasface_ghost_orc_armoury
D:4:      layout_rooms, lemuel_blue_sif_altar, lemuel_round_altar,
          marbit_many_paths, kennysheep_vampire_church, first_ration,
          grunt_gozag_statues
D:5:      gammafunk_wand_slinger, layout_loops_corners,
          minmay_temple_entry_oklob, serial_shops, shop, uniq_eustachio

Skill      XL: |  1  2  3  4  5  6 |
---------------+-------------------+-----
Maces & Flails | 3 4 5 6 7 |  7.5
Fighting       | |  3.6
Armour         | |  3.6
Shields        | |  3.2

Action                   |  1- 3 |  4- 6 || total
-------------------------+-------+-------++-------
Melee: Flail             |   112 |   251 ||   363
  Use: Potion            |       |     1 ||     1
  Eat: Chunk             |     1 |     8 ||     9
Armor: Scale mail        |    39 |   131 ||   170
Dodge: Dodged            |    26 |    77 ||   103
Block: Shield            |    44 |   139 ||   183

Table legend:
 A = Non-vault XP
 B = Vault XP
 C = Vault XP percentage of total XP
 D = Non-vault monster count
 E = Vault monster count
 F = Vault count percentage of total count
                 A         B        C        D         E       F
            +---------+---------+-------+---------+---------+-------
      Total |     328 |     181 |  35.6 |      64 |      10 |  13.5
            +---------+---------+-------+---------+---------+-------
        D:1 |      48 |       0 |   0.0 |      20 |       0 |   0.0
        D:2 |      39 |       0 |   0.0 |      15 |       0 |   0.0
        D:3 |      88 |       0 |   0.0 |      17 |       0 |   0.0
        D:4 |      77 |     181 |  70.2 |       4 |      10 |  71.4
        D:5 |      76 |       0 |   0.0 |       8 |       0 |   0.0
            +---------+---------+-------+---------+---------+-------
